| TOP OF THE 1ST |
|
Charleston RiverDogs batting - Pitching for Cedar Rapids Kernels : RHP Matt Springer
|
|
Pitching: RHP Matt Springer
|
|
|
Batting: LHB Marc Durgin
|
0-0: Called Strike 0-1: Ball 1-1: Fly out, F7 (Flyball, 7, EV 96.9 MPH)
|
|
Batting: RHB Bryan Westray
|
0-0: SINGLE (Line Drive, 6D, EV 110.6 MPH)
|
|
Batting: LHB Sean Trueblood
|
0-0: Called Strike 0-1: Ball Bryan Westray steals 2nd base (no throw) 1-1: Ball 2-1: Foul Ball, location: 2F 2-2: SINGLE (Line Drive, 8LS, EV 102.5 MPH) Bryan Westray to third
|
|
Batting: RHB Iften Olujimi
|
0-0: Ball 1-0: Called Strike 1-1: Foul Ball, location: 2F 1-2: Ground out 5-3 (Groundball, 5S, EV 65.6 MPH) Bryan Westray scores Sean Trueblood to second
|
|
Batting: LHB Justin O'Neal
|
0-0: Called Strike 0-1: SINGLE (Groundball, 4MD, EV 101.9 MPH) Sean Trueblood to third Runner from 3rd tries for Home, SAFE, throw by CF to home
|
|
Batting: RHB Alfredo Rodriguez
|
0-0: Called Strike 0-1: Ball 1-1: Fly out, F4 (Popup, 4S, EV 85.6 MPH)
|
| Top of the 1st over - 2 runs, 3 hits, 0 errors, 1 left on base; Charleston 2 - Cedar Rapids 0 |
| BOTTOM OF THE 1ST |
|
Cedar Rapids Kernels batting - Pitching for Charleston RiverDogs : LHP Ferrie Werkhoven
|
|
Pitching: LHP Ferrie Werkhoven
|
|
|
Batting: RHB David Nardone
|
0-0: Ball 1-0: Ball 2-0: Called Strike 2-1: Reached on error, E5 (Groundball, 56, EV 90.0 MPH)
|
|
Batting: RHB Sean Gould
|
0-0: Called Strike 0-1: Ball 1-1: Ball 2-1: Ball 3-1: Called Strike 3-2: Strikes out looking
|
|
Batting: RHB Matt Dunn
|
0-0: Called Strike 0-1: Ball 1-1: Ball 2-1: Ball 3-1: Base on Balls
|
|
Batting: RHB Ryan Gautney
|
0-0: Hit by Pitch David Nardone to third Matt Dunn to second
|
|
Batting: SHB Matt Urbani
|
0-0: Ball 1-0: Foul Ball, location: 2F 1-1: Ball 2-1: Foul Ball, location: 2F 2-2: Ball 3-2: Fielders Choice at 2nd, 6-4 (Groundball, 6M, EV 91.9 MPH) David Nardone scores Matt Dunn to third
|
|
Batting: LHB David Campbell
|
0-0: Called Strike 0-1: Ball 1-1: Foul Ball, location: 2F 1-2: Ball 2-2: Ground out U3 (Groundball, 3S, EV 88.1 MPH)
|
| Bottom of the 1st over - 1 run, 0 hits, 1 error, 2 left on base; Charleston 2 - Cedar Rapids 1 |
| TOP OF THE 2ND |
|
Charleston RiverDogs batting - Pitching for Cedar Rapids Kernels : RHP Matt Springer
|
|
Batting: LHB Dale Anderson
|
0-0: Called Strike 0-1: Fly out, F9 (Flyball, 89M, EV 76.9 MPH)
|
|
Batting: RHB Bill Nguyen-Tan
|
0-0: Ball 1-0: Ground out 6-3 (Groundball, 6, EV 81.2 MPH)
|
|
Batting: SHB Houston Phillips
|
0-0: Ball 1-0: Ball 2-0: Ball 3-0: Called Strike 3-1: Fly out, F8 (Flyball, 8RS, EV 96.2 MPH)
|
| Top of the 2nd over - 0 runs, 0 hits, 0 errors, 0 left on base; Charleston 2 - Cedar Rapids 1 |
| BOTTOM OF THE 2ND |
|
Cedar Rapids Kernels batting - Pitching for Charleston RiverDogs : LHP Ferrie Werkhoven
|
|
Batting: RHB Tony Crespo
|
0-0: Foul Ball, location: 2F 0-1: Called Strike 0-2: Ball 1-2: Ball 2-2: Ground out 4-3 (Groundball, 4, EV 101.9 MPH)
|
|
Batting: LHB Israel Montoya
|
0-0: Called Strike 0-1: Ball 1-1: Ball 2-1: Ball 3-1: Base on Balls
|
|
Batting: RHB Dave Berry
|
0-0: Fielders Choice at 2nd, 4-6 (Groundball, 4M, EV 105.6 MPH)
|
|
Batting: RHB David Nardone
|
0-0: Ball Dave Berry steals 2nd, throwing error, E2 Dave Berry to third 1-0: Ball 2-0: Foul Ball, location: 2F 2-1: Called Strike 2-2: Fly out, F9 (Flyball, 89M, EV 85.0 MPH)
|
| Bottom of the 2nd over - 0 runs, 0 hits, 1 error, 1 left on base; Charleston 2 - Cedar Rapids 1 |
| TOP OF THE 3RD |
|
Charleston RiverDogs batting - Pitching for Cedar Rapids Kernels : RHP Matt Springer
|
|
Batting: LHB Marc Durgin
|
0-0: Foul Ball, location: 2F 0-1: Ball 1-1: Swinging Strike 1-2: Strikes out swinging
|
|
Batting: RHB Bryan Westray
|
0-0: Foul Ball, location: 2F 0-1: SINGLE (Line Drive, 5D, EV 102.5 MPH)
|
|
Batting: LHB Sean Trueblood
|
0-0: SINGLE (Groundball, 34, EV 105.6 MPH) (infield hit) Bryan Westray to second
|
|
Batting: RHB Iften Olujimi
|
0-0: Ball 1-0: Foul Ball, location: 2F 1-1: Foul Ball, location: 2F 1-2: Ball 2-2: Strikes out swinging
|
|
Batting: LHB Justin O'Neal
|
0-0: Foul Ball, location: 2F 0-1: 3-RUN HOME RUN (Flyball, 78XD, EV 97.5 MPH), Distance : 395 ft
|
|
Batting: RHB Alfredo Rodriguez
|
0-0: Swinging Strike 0-1: Swinging Strike 0-2: Strikes out swinging
|
| Top of the 3rd over - 3 runs, 3 hits, 0 errors, 0 left on base; Charleston 5 - Cedar Rapids 1 |
| BOTTOM OF THE 3RD |
|
Cedar Rapids Kernels batting - Pitching for Charleston RiverDogs : LHP Ferrie Werkhoven
|
|
Batting: RHB Sean Gould
|
0-0: Ball 1-0: Fly out, F8 (Flyball, 8RD, EV 90.6 MPH)
|
|
Batting: RHB Matt Dunn
|
0-0: Ball 1-0: Foul Ball, location: 2F 1-1: Foul Ball, location: 2F 1-2: Foul Ball, location: 2F 1-2: Ball 2-2: Fly out, F7 (Flyball, 7LD, EV 111.2 MPH)
|
|
Batting: RHB Ryan Gautney
|
0-0: Fly out, F9 (Line Drive, 9LS, EV 93.8 MPH)
|
| Bottom of the 3rd over - 0 runs, 0 hits, 0 errors, 0 left on base; Charleston 5 - Cedar Rapids 1 |
| TOP OF THE 4TH |
|
Charleston RiverDogs batting - Pitching for Cedar Rapids Kernels : RHP Matt Springer
|
|
Batting: LHB Dale Anderson
|
0-0: Ball 1-0: Ball 2-0: Swinging Strike 2-1: Fly out, F7 (Flyball, 7LM, EV 95.6 MPH)
|
|
Batting: RHB Bill Nguyen-Tan
|
0-0: Ball 1-0: Called Strike 1-1: Ball 2-1: SINGLE (Groundball, 23, EV 70.0 MPH) (infield hit)
|
|
Batting: SHB Houston Phillips
|
0-0: Fielders Choice at 2nd, 4-6 (Groundball, 34S, EV 80.6 MPH)
|
|
Batting: LHB Marc Durgin
|
0-0: Ball 1-0: Fielders Choice at 2nd, 6-4 (Groundball, 6, EV 84.4 MPH)
|
| Top of the 4th over - 0 runs, 1 hit, 0 errors, 1 left on base; Charleston 5 - Cedar Rapids 1 |
| BOTTOM OF THE 4TH |
|
Cedar Rapids Kernels batting - Pitching for Charleston RiverDogs : LHP Ferrie Werkhoven
|
|
Batting: SHB Matt Urbani
|
0-0: Swinging Strike 0-1: SINGLE (Line Drive, 5D, EV 98.8 MPH)
|
|
Batting: LHB David Campbell
|
0-0: Called Strike 0-1: Foul Ball, location: 2F 0-2: Ball 1-2: Ground out 6-3 (Groundball, 6MS, EV 91.9 MPH) Matt Urbani to second
|
|
Batting: RHB Tony Crespo
|
0-0: Called Strike 0-1: Ball 1-1: Called Strike 1-2: Strikes out swinging
|
|
Batting: LHB Israel Montoya
|
0-0: Foul Ball, location: 2F 0-1: Ball 1-1: Swinging Strike 1-2: Strikes out swinging
|
| Bottom of the 4th over - 0 runs, 1 hit, 0 errors, 1 left on base; Charleston 5 - Cedar Rapids 1 |
| TOP OF THE 5TH |
|
Charleston RiverDogs batting - Pitching for Cedar Rapids Kernels : RHP Matt Springer
|
|
Batting: RHB Bryan Westray
|
0-0: Ball 1-0: Foul Ball, location: 2F 1-1: Foul Ball, location: 2F 1-2: Strikes out looking
|
|
Batting: LHB Sean Trueblood
|
0-0: Ground out U3 (Groundball, 3, EV 85.6 MPH)
|
|
Batting: RHB Iften Olujimi
|
0-0: Called Strike 0-1: Ground out 4-3 (Groundball, 4M, EV 91.2 MPH)
|
| Top of the 5th over - 0 runs, 0 hits, 0 errors, 0 left on base; Charleston 5 - Cedar Rapids 1 |
| BOTTOM OF THE 5TH |
|
Cedar Rapids Kernels batting - Pitching for Charleston RiverDogs : LHP Ferrie Werkhoven
|
|
Batting: RHB Dave Berry
|
0-0: Called Strike 0-1: Called Strike 0-2: Ball 1-2: Ball 2-2: Ball 3-2: Strikes out swinging
|
|
Batting: RHB David Nardone
|
0-0: Ball 1-0: Swinging Strike 1-1: Swinging Strike 1-2: Ground out 6-3 (Groundball, 6, EV 84.4 MPH)
|
|
Batting: RHB Sean Gould
|
0-0: Ground out 5-3 (Groundball, 5, EV 89.4 MPH)
|
| Bottom of the 5th over - 0 runs, 0 hits, 0 errors, 0 left on base; Charleston 5 - Cedar Rapids 1 |
| TOP OF THE 6TH |
|
Charleston RiverDogs batting - Pitching for Cedar Rapids Kernels : RHP Matt Springer
|
|
Batting: LHB Justin O'Neal
|
0-0: Called Strike 0-1: Ball 1-1: Foul Ball, location: 2F 1-2: Foul Ball, location: 2F 1-2: Ground out 6-3 (Groundball, 6, EV 86.2 MPH)
|
|
Batting: RHB Alfredo Rodriguez
|
0-0: Called Strike 0-1: Foul Ball, location: 2F 0-2: Strikes out swinging
|
|
Batting: LHB Dale Anderson
|
0-0: Called Strike 0-1: Ball 1-1: Called Strike 1-2: Strikes out swinging
|
| Top of the 6th over - 0 runs, 0 hits, 0 errors, 0 left on base; Charleston 5 - Cedar Rapids 1 |
| BOTTOM OF THE 6TH |
|
Cedar Rapids Kernels batting - Pitching for Charleston RiverDogs : LHP Ferrie Werkhoven
|
|
Batting: RHB Matt Dunn
|
0-0: Ball 1-0: Called Strike 1-1: Ball 2-1: Ball 3-1: Base on Balls
|
|
Batting: RHB Ryan Gautney
|
0-0: Ball 1-0: Ball Matt Dunn steals 2nd base 2-0: Called Strike 2-1: DOUBLE (Line Drive, 78M, EV 106.2 MPH) Matt Dunn scores
|
|
Batting: SHB Matt Urbani
|
0-0: Ball 1-0: Ball 2-0: Foul Ball, location: 2F 2-1: Ball 3-1: Called Strike 3-2: Base on Balls
|
|
Batting: LHB David Campbell
|
0-0: Fielders Choice at 2nd, 3-6 (Groundball, 34, EV 93.1 MPH) Ryan Gautney to third
|
|
Pitching: RHP Joe Shaw
|
|
|
Pinch Hitting: LHB Ho-win Zhou
|
0-0: SINGLE (Groundball, 4MD, EV 95.6 MPH) Ryan Gautney scores David Campbell to second
|
|
Batting: LHB Israel Montoya
|
0-0: Foul Ball, location: 2F 0-1: Called Strike 0-2: Ball 1-2: SINGLE (Groundball, 34D, EV 95.6 MPH) David Campbell to third Ho-win Zhou to second
|
|
Batting: RHB Dave Berry
|
0-0: Ball 1-0: Ball 2-0: Ball 3-0: Base on Balls David Campbell scores Ho-win Zhou to third Israel Montoya to second
|
|
Batting: RHB David Nardone
|
0-0: Ball 1-0: Called Strike 1-1: Grounds into fielders choice 1-2 (Groundball, P, EV 59.4 MPH) Israel Montoya to third Dave Berry to second
|
|
Batting: RHB Sean Gould
|
0-0: Ball 1-0: Ball Wild Pitch! Israel Montoya scores Dave Berry to third David Nardone to second 2-0: Ball 3-0: Base on Balls
|
|
Batting: RHB Matt Dunn
|
0-0: Ball 1-0: Foul Ball, location: 2F 1-1: Called Strike 1-2: Ball 2-2: Ball 3-2: Strikes out swinging
|
| Bottom of the 6th over - 4 runs, 3 hits, 0 errors, 3 left on base; Charleston 5 - Cedar Rapids 5 |
| TOP OF THE 7TH |
|
Charleston RiverDogs batting - Pitching for Cedar Rapids Kernels : RHP Matt Springer
|
|
Now in CF: Israel Montoya
|
|
|
Now in RF: Dan Morataya
|
|
|
Batting: RHB Bill Nguyen-Tan
|
0-0: Ball 1-0: Ball 2-0: Called Strike 2-1: Fly out, F9 (Flyball, 9, EV 92.5 MPH)
|
|
Batting: SHB Houston Phillips
|
0-0: Ball 1-0: Ball 2-0: Foul Ball, location: 2F 2-1: Ball 3-1: Ground out 6-3 (Groundball, 6, EV 102.5 MPH)
|
|
Batting: LHB Marc Durgin
|
0-0: Called Strike 0-1: Called Strike 0-2: Foul Ball, location: 2F 0-2: Ball 1-2: Ball 2-2: Fly out, F9 (Line Drive, 89M, EV 95.6 MPH)
|
| Top of the 7th over - 0 runs, 0 hits, 0 errors, 0 left on base; Charleston 5 - Cedar Rapids 5 |
| BOTTOM OF THE 7TH |
|
Cedar Rapids Kernels batting - Pitching for Charleston RiverDogs : RHP Joe Shaw
|
|
Pitching: RHP Austin Trzcinski
|
|
|
Batting: RHB Ryan Gautney
|
0-0: Ball 1-0: Ball 2-0: Called Strike 2-1: Foul Ball, location: 2F 2-2: Ball 3-2: Base on Balls
|
|
Batting: SHB Matt Urbani
|
0-0: Foul Ball, location: 2F 0-1: Ball 1-1: Foul Ball, location: 2F 1-2: Ball 2-2: Ball 3-2: Foul Ball, location: 2F 3-2: TRIPLE (Flyball, 89XD, EV 105.6 MPH) Ryan Gautney scores
|
|
Batting: LHB David Campbell
|
0-0: Ball 1-0: Ground out 4-3 (Groundball, 4, EV 108.1 MPH)
|
|
Batting: SHB Dan Morataya
|
0-0: Intentional Walk
|
|
Batting: LHB Israel Montoya
|
0-0: Ball Dan Morataya steals 2nd base 1-0: Intentional Walk
|
|
Batting: RHB Dave Berry
|
0-0: Called Strike 0-1: Foul Ball, location: 2F 0-2: Strikes out looking
|
|
Batting: RHB David Nardone
|
0-0: Ball 1-0: Called Strike 1-1: Foul Ball, location: 2F 1-2: Fly out, F8 (Flyball, 8LXD, EV 95.0 MPH)
|
| Bottom of the 7th over - 1 run, 1 hit, 0 errors, 3 left on base; Charleston 5 - Cedar Rapids 6 |
| TOP OF THE 8TH |
|
Charleston RiverDogs batting - Pitching for Cedar Rapids Kernels : RHP Matt Springer
|
|
Batting: RHB Bryan Westray
|
0-0: Fly out, F9 (Line Drive, 9, EV 84.4 MPH)
|
|
Batting: LHB Sean Trueblood
|
0-0: Ball 1-0: Swinging Strike 1-1: Foul Ball, location: 2F 1-2: Fly out, F9 (Flyball, 9, EV 89.4 MPH)
|
|
Pinch Hitting: LHB Jeremiah Walker
|
0-0: Called Strike 0-1: Ball 1-1: Ball 2-1: Ball 3-1: Base on Balls
|
|
Pitching: LHP David Gordon
|
|
|
Batting: LHB Justin O'Neal
|
0-0: Called Strike 0-1: Foul Ball, location: 2F 0-2: Ball 1-2: Strikes out looking
|
| Top of the 8th over - 0 runs, 0 hits, 0 errors, 1 left on base; Charleston 5 - Cedar Rapids 6 |
| BOTTOM OF THE 8TH |
|
Cedar Rapids Kernels batting - Pitching for Charleston RiverDogs : RHP Austin Trzcinski
|
|
Now at 1B: Jeremiah Walker
|
|
|
Batting: RHB Sean Gould
|
0-0: Foul Ball, location: 2F 0-1: Swinging Strike 0-2: Foul Ball, location: 2F 0-2: Foul Ball, location: 2F 0-2: Ball 1-2: Ground out 4-3 (Groundball, 4, EV 86.2 MPH)
|
|
Batting: RHB Matt Dunn
|
0-0: Called Strike 0-1: Ball 1-1: Ball 2-1: Called Strike 2-2: Strikes out looking
|
|
Batting: RHB Ryan Gautney
|
0-0: Ball 1-0: Ball 2-0: Foul Ball, location: 2F 2-1: Ball 3-1: Ground out U3 (Groundball, 34, EV 83.8 MPH)
|
| Bottom of the 8th over - 0 runs, 0 hits, 0 errors, 0 left on base; Charleston 5 - Cedar Rapids 6 |
| TOP OF THE 9TH |
|
Charleston RiverDogs batting - Pitching for Cedar Rapids Kernels : LHP David Gordon
|
|
Pitching: RHP Ruben Requena
|
|
|
Batting: RHB Alfredo Rodriguez
|
0-0: Ball 1-0: Reached on error, E6 (Groundball, 6, EV 83.8 MPH)
|
|
Batting: LHB Dale Anderson
|
0-0: Called Strike 0-1: Ball 1-1: Ball 2-1: Ball 3-1: Foul Ball, location: 2F 3-2: Strikes out swinging
|
|
Batting: RHB Bill Nguyen-Tan
|
0-0: Called Strike 0-1: Ball Wild Pitch! Alfredo Rodriguez to second 1-1: Ball 2-1: Foul Ball, location: 2F 2-2: Strikes out swinging
|
|
Batting: SHB Houston Phillips
|
0-0: Ball 1-0: Ground out U3 (Groundball, 34S, EV 89.4 MPH)
|
| Top of the 9th over - 0 runs, 0 hits, 1 error, 1 left on base; Charleston 5 - Cedar Rapids 6 |
|